[Event "*** Titled Tuesday Blitz"]
[Site "Chess.com"]
[Date "2020.05.26"]
[Round "3"]
[White "CzechmVIII"]
[Black "woodhy"]
[Result "0-1"]
[WhiteElo "2173"]
[BlackElo "2407"]
[TimeControl "180+1"]
[EndTime "10:28:23 PDT"]
[Termination "woodhy won by resignation"]

1. e4 e6 2. d4 d5 3. e5 c5 4. c3 Nc6 5. Nf3 Qb6 6. Bd3 Bd7 7. dxc5 Bxc5 8. O-O a5 9. Nbd2 a4 10. b4 axb3 11.
Nxb3 Ba3 12. Bxa3 Rxa3 13. Qc1 Ra4 14. Qg5 Nge7 15. Nbd4 Ng6 16. Rab1 Qd8 17. Qxd8+ Nxd8 18. Rb2 O-O 19. g3 Ra3 20. Rc1 Ra7 21. Bb5 Nc6 22. Bxc6 bxc6 23. Rb6 Rxa2 24. Nxc6 Rc8 25. Ncd4 h6 26. Rb7 Bc6 27. Rb6 Be8 28. Nb5 Ne7 29. Nd6 Rd8 30. Rb7 Nc6 31. Rcb1 Nxe5 32. Nxe5 Rxd6 33. Rb8 Kf8 34. Rc8 Ke7 35. Rb7+ Kf6 36. Rxe8 Kxe5 37. Rxf7 Rc6 38. Rfe7 Ra3 39. Rxg7 Raxc3 40. Rg6 Kd4 41. Rexe6 Rc1+ 42. Kg2 Rxe6 43. Rxe6 Kd3 44.
Rxh6 d4 45. Rd6 Kc3 46. h4 d3 47. h5 d2 48. g4 d1=Q 49. Rxd1 Rxd1 50. Kg3 Kd4 51.
g5 Ke5 52. h6 Kf5 53. h7 Rh1 54. f4 Rxh7 55. Kf3 Rb7 0-1

[Event "*** Titled Tuesday Blitz"]
[Site "Chess.com"]
[Date "2020.05.26"]
[Round "3"]
[White "ElliPaehtz"]
[Black "kuban1991"]
[Result "1/2-1/2"]
[WhiteElo "2496"]
[BlackElo "2720"]
[TimeControl "180+1"]
[EndTime "10:28:24 PDT"]
[Termination "Game drawn by agreement"]

1. d4 g6 2. Nf3 Bg7 3. c3 Nf6 4. Bg5 O-O 5. Nbd2 d5 6. e3 c5 7.
Be2 Qb6 8. Qb3 Nc6 9. O-O c4 10. Qa3 Bf5 11. h3 Rfc8 12. b3 cxb3 13. axb3 a5 14. Rfc1 h6 15. Bf4 g5 16. Bg3 Bf8 17. Ne5 e6 18. Qa2 Nxe5 19. Bxe5 Nd7 20. Bg3 Bg6 21.
h4 Bd6 22. Bxd6 Qxd6 23. hxg5 hxg5 24. Qa3 Qxa3 25. Rxa3 e5 26. Bb5 Nf8 27. Nf3 exd4 28.
Nxd4 Rc7 29. Kf1 Ne6 30. Ke2 b6 31. Kd2 Rac8 32. Raa1 Kg7 33. Be2 Nc5 34. f3 Ne6 35. Nb5 Rc5 36. b4 axb4 37. cxb4 Rxc1 38. Rxc1 Ra8 39.
Nc3 d4 40. exd4 Nxd4 41. Bc4 Rc8 42. Bd5 Rd8 43. Ke3 Nc2+ 44. Ke2 Nxb4 45. Be4 Bxe4 46. Nxe4 Nd3 47. Rb1 Nf4+ 48. Kf2 Ne6 49. Rxb6 Kg6 50. Kg3 Ra8 51. Nc5 Kf6 52. Nxe6 fxe6 53. Rb7 Ra4 54. Rb3 Rc4 1/2-1/2

[Event "*** Titled Tuesday Blitz"]
[Site "Chess.com"]
[Date "2020.05.26"]
[Round "3"]
[White "Grischuk"]
[Black "Shubinkirill2003"]
[Result "1-0"]
[WhiteElo "3094"]
[BlackElo "2604"]
[TimeControl "180+1"]
[EndTime "10:28:24 PDT"]
[Termination "Grischuk won by resignation"]

1. Nf3 Nf6 2. g3 b5 3. Na3 a6 4.
c4 Bb7 5. Bg2 e5 6. b3 Bc5 7.
O-O Qe7 8. Nc2 O-O 9. d4 exd4 10. cxb5 axb5 11. Ncxd4 Bxd4 12. Qxd4 c5 13. Qb2 d6 14. Rd1 Re8 15. Bf4 Qxe2 16. Rd2 Qe6 17. Rxd6 Qc8 18. Rxf6 gxf6 19. Qxf6 Qe6 20. Qg5+ Qg6 21. Qxc5 Nd7 22.
Qxb5 Bc6 23. Qf1 Rac8 24. h3 Nc5 25. Rd1 Qg7 26. Nh4 Bxg2 27. Qxg2 Ne6 28. Be3 Qf6 29. Qe4 Red8 30. Rxd8+ Rxd8 31. Kg2 h5 32. Nf5 Ng5 33. Bxg5 Qxg5 34. b4 Qf6 35. a4 Kf8 36. Ne3 Re8 37. Qf3 Qe6 38. a5 Qb3 39. Qxh5 Qxb4 40. Qh8+ Ke7 41. Qe5+ Kf8 42. Qh8+ Ke7 43. Nf5+ Ke6 44. Qxe8+ Kxf5 45. Qxf7+ 1-0

[Event "*** Titled Tuesday Blitz"]
[Site "Chess.com"]
[Date "2020.05.26"]
[Round "3"]
[White "ChessyInstinct"]
[Black "Norival"]
[Result "0-1"]
[WhiteElo "2409"]
[BlackElo "2643"]
[TimeControl "180+1"]
[EndTime "10:28:24 PDT"]
[Termination "Norival won by checkmate"]

1. d4 d5 2. c4 c6 3. Nf3 Nf6 4. Nc3 a6 5. a4 dxc4 6. e3 Bg4 7.
Bxc4 e6 8. h3 Bh5 9. g4 Bg6 10.
Ne5 Nbd7 11. Nxg6 hxg6 12. e4 Bb4 13. Bd3 e5 14. Qb3 Qe7 15. g5 exd4 16. gxf6 gxf6 17. Bd2 Nc5 18. Qc4 Nxd3+ 19. Qxd3 dxc3 20. bxc3 Rd8 21. Qe2 Bc5 22. h4 Rh5 23. Rb1 Rd7 24. Be3 Qxe4 25.
Bxc5 Qxe2+ 26. Kxe2 Rxc5 27. Rb3 Ke7 28. h5 Rxh5 29.
Rxh5 gxh5 30. Rb1 b5 31. axb5 axb5 32. Rh1 Rd5 33. Rh4 Ke6 34. Ke3 Re5+ 35. Kd3 c5 36. Rh3 Rd5+ 37. Kc2 c4 38. Rh2 Rg5 39. Kb2 Kf5 40. Ka3 Kg4 41. Kb4 h4 42. f3+ Kg3 43. Rh1 h3 44. f4 Rh5 45. f5 h2 46. Kxb5 Kg2 47. Rxh2+ Rxh2 48. Kxc4 Rh5 49. Kd4 Rxf5 50. c4 Kf3 51. c5 Re5 52. c6 Kg4 53. c7 Re8 54.
Kd5 Rc8 55. Kd6 f5 56. Kd7 Rxc7+ 57. Kxc7 f4 58. Kd7 f3 59. Ke7 f2 60. Kxf7 f1=Q+ 61. Kg6 Qf5+ 62. Kg7 Qe6 63. Kh7 Kg5 64. Kg7 Qd7+ 65.
Kf8 Kg6 66. Kg8 Qe8# 0-1

[Event "*** Titled Tuesday Blitz"]
[Site "Chess.com"]
[Date "2020.05.26"]
[Round "3"]
[White "FMalexhdez"]
[Black "quesfr"]
[Result "0-1"]
[WhiteElo "2055"]
[BlackElo "2301"]
[TimeControl "180+1"]
[EndTime "10:28:24 PDT"]
[Termination "quesfr won on time"]

1. e4 c5 2. Nf3 d6 3. d4 cxd4 4. Nxd4 Nf6 5. Nc3 g6 6. Be2 Bg7 7. O-O O-O 8. Nb3 a6 9. Re1 b5 10. Bf1 Bb7 11. Nd5 Nbd7 12. c3 Nb6 13. Na5 Bxd5 14.
exd5 Nbxd5 15. Nc6 Qc7 16. Nd4 Rfe8 17. g3 Rad8 18. Bg2 e5 19. Nxb5 axb5 20. Bxd5 Nxd5 21. Qxd5 Qc5 22. Rd1 b4 23. cxb4 Qxb4 24. a4 Ra8 25. b3 e4 26. Ba3 Qb6 27. Rac1 e3 28. fxe3 Rxe3 29. Kh1 Rxb3 30. Bxd6 Rb2 31. Bc5 Qb8 32. a5 Bh6 33. Bb6 Bxc1 34. Rxc1 Ra6 35. Qd4 Rbxb6 36. axb6 Rxb6 37. Rd1 Qb7+ 38. Qd5 Kg7 39. Qxb7 Rxb7 40. Rd2 h5 41. Kg2 Rb3 42. h4 Kf6 43. Rf2+ Kg7 44.
Rf4 Rc3 45. Kh3 f6 46. Kg2 g5 47. hxg5 fxg5 48. Rb4 Rc6 49. Rb5 Kg6 50. Kh3 Rc2 51.
Ra5 g4+ 0-1

[Event "*** Titled Tuesday Blitz"]
[Site "Chess.com"]
[Date "2020.05.26"]
[Round "3"]
[White "okriak"]
[Black "nikitakhoroshev"]
[Result "1/2-1/2"]
[WhiteElo "2712"]
[BlackElo "2433"]
[TimeControl "180+1"]
[EndTime "10:28:25 PDT"]
[Termination "Game drawn by agreement"]

1. Nf3 d6 2. e4 Nf6 3. Nc3 e5 4.
d4 Nbd7 5. Bc4 Be7 6. O-O O-O 7. Qe2 c6 8. a4 a5 9. Rd1 Qc7 10. h3 h6 11. dxe5 dxe5 12. Be3 Bb4 13. Nd2 Bc5 14. Nf1 Qb6 15. Bxc5 Nxc5 16. b3 Ne6 17. Bxe6 Bxe6 18. Qe3 Qxe3 19. Nxe3 Rfd8 20. Rxd8+ Rxd8 21. Rd1 Rxd1+ 22.
Nexd1 Kf8 23. f3 Ke7 24. Kf2 Kd6 25. Ke3 Nd7 26. h4 Kc5 27. Kd2 b5 28. g3 Nb6 29.
Nb2 b4 30. Nd3+ Kd6 31. Nd1 c5 32. c4 bxc3+ 33. Nxc3 c4 34. Nb5+ Ke7 35. bxc4 Nxc4+ 36. Kc3 f6 37. Nc5 Nb6 38. h5 Bf7 39. g4 Be8 40. Nc7 Bxa4 41. Nxa4 Nxa4+ 42. Kc4 Nb2+ 43. Kb5 Nd3 44.
Nd5+ Kf7 45. Kxa5 Ne1 46. f4 exf4 47. Nxf4 Nf3 48. Ng2 Nd2 49. Kb4 Nxe4 50. Kc4 Nf2 51. Ne3 Ke6 52. Kd4 Nh3 53. Ke4 Ng5+ 54. Kf4 Kf7 55.
Nf5 Ne6+ 56. Ke4 Nc5+ 57. Kf4 Nd3+ 58. Ke4 Ne5 59. Kf4 Kf8 60. Nd6 Nf7 61. Nf5 Ng5 62. Nd6 Nf7 63. Nf5 Ne5 1/2-1/2

[Event "*** Titled Tuesday Blitz"]
[Site "Chess.com"]
[Date "2020.05.26"]
[Round "3"]
[White "Khayala13"]
[Black "Savagelittlemole"]
[Result "1/2-1/2"]
[WhiteElo "2345"]
[BlackElo "2535"]
[TimeControl "180+1"]
[EndTime "10:28:25 PDT"]
[Termination "Game drawn by repetition"]

1. e4 c5 2. c3 Nf6 3. e5 Nd5 4. Nf3 Nc6 5. d4 cxd4 6. cxd4 d6 7. exd6 Qxd6 8. Nc3 Nxc3 9. bxc3 Bg4 10. Be2 e6 11.
Be3 Be7 12. h3 Bxf3 13. Bxf3 O-O 14. O-O Rac8 15. c4 Na5 16. c5 Qc7 17. Rb1 Rfd8 18. Qa4 Nc6 19. Rb2 Bf6 20. Bxc6 Qxc6 21. Qxc6 bxc6 22.
Rd1 Rb8 23. Rdb1 Rxb2 24. Rxb2 g6 25. Rb7 Bxd4 26. Bxd4 Rxd4 27. Rxa7 Rc4 28. Ra5 Rc1+ 29. Kh2 Kg7 30. Kg3 Kf6 31. Kf4 Rc4+ 32. Ke3 Ke5 33. Ra7 f5 34. Rxh7 Ra4 35. Rd7 Ra3+ 36. Rd3 Rxa2 37.
Rd6 Ra3+ 38. Ke2 Ra6 39. g3 g5 40. Kf3 Ra3+ 41. Kg2 Ra6 42. h4 gxh4 43. gxh4 Ra4 44. Kg3 Rg4+ 45. Kh3 Rf4 46. Kg3 Rg4+ 47. Kh3 Rf4 48.
Rxc6 Rxf2 49. h5 Rf1 50. Kg2 Rf4 51. Kh3 Rf1 52. Kg2 Rf4 53. Kh3 Rf1 1/2-1/2

[Event "*** Titled Tuesday Blitz"]
[Site "Chess.com"]
[Date "2020.05.26"]
[Round "3"]
[White "AlexOstrovskiy"]
[Black "Grandelicious"]
[Result "1-0"]
[WhiteElo "2619"]
[BlackElo "2786"]
[TimeControl "180+1"]
[EndTime "10:28:26 PDT"]
[Termination "AlexOstrovskiy won by resignation"]

1. d4 d5 2. Bf4 c5 3. e3 Nc6 4. c3 cxd4 5. exd4 Bf5 6. Nd2 e6 7. Ngf3 f6 8. Qb3 Qd7 9. h4 Nge7 10. h5 h6 11. Be2 Nc8 12. Nh4 Bd6 13. Bxd6 Nxd6 14.
Nxf5 Nxf5 15. Bg4 O-O 16. O-O Nd6 17. Rae1 f5 18. Be2 Kh8 19. Nf3 Ne4 20. Qd1 Qe7 21.
Bb5 Ng5 22. Bxc6 Nxf3+ 23. Qxf3 bxc6 24. Re5 Rf6 25. Rfe1 Qf7 26. Qe2 Re8 27. b4 f4 28.
Qf3 Rg8 29. a4 g6 30. hxg6 Rfxg6 31. Kf1 Rxg2 32. Qxg2 Rxg2 33. Kxg2 Qg6+ 34. Kf3 Qd3+ 35. Kxf4 Qxc3 36. Rxe6 Qxd4+ 37. Kg3 Kg7 38. Re7+ Kf6 39.
R1e6+ Kf5 40. Re3 Qg4+ 41. Kh2 d4 42. R3e5+ Kf6 43. Re4 Qf5 44. Re8 Qxf2+ 45. Kh3 Qf5+ 46. Kg3 Qg5+ 47. Kf3 Qf5+ 48. Rf4 Kg5 49. Rxf5+ Kxf5 50. Rd8 1-0

[Event "*** Titled Tuesday Blitz"]
[Site "Chess.com"]
[Date "2020.05.26"]
[Round "3"]
[White "PlotnikovPavel"]
[Black "Tall-guy"]
[Result "1/2-1/2"]
[WhiteElo "2465"]
[BlackElo "2120"]
[TimeControl "180+1"]
[EndTime "10:28:26 PDT"]
[Termination "Game drawn by repetition"]

1. e4 c5 2. c3 Nf6 3. e5 Nd5 4. d4 cxd4 5. Qxd4 e6 6. Bd3 Nc6 7. Qe4 f5 8. Qe2 Be7 9. Nf3 O-O 10. O-O b6 11. Na3 Bb7 12. Nc4 Kh8 13. Nd6 Bxd6 14.
exd6 Nf6 15. Ne5 Nxe5 16. Qxe5 Rc8 17. Bf4 Ne4 18. Bxe4 Bxe4 19. f3 Bb7 20. Qd4 Qf6 21. Be5 Qg6 22. Rf2 Rf7 23. c4 Rc5 24. b4 Rc8 25. c5 f4 26. cxb6 axb6 27. Qxb6 Bd5 28. b5 Rf5 29. Qd4 Rg5 30. Raf1 h5 31. Bxf4 Rf5 32. b6 h4 33. g4 hxg3 34. Bxg3 Rh5 35. Rb2 Qf5 36. b7 Rb8 37. Qa7 Qf8 38. a4 Rg5 39. a5 Qxd6 40. Kh1 Rxg3 41. hxg3 Kh7 42. a6 Kg6 43. Rh2 Rf8 44. Qe3 Qxa6 45. Rb1 Bxf3+ 46. Qxf3 Rxf3 47. b8=Q Rf1+ 48. Kg2 Qe2+ 49. Kh3 Qh5+ 50. Kg2 Qe2+ 51. Kh3 Qh5+ 52. Kg2 Qe2+ 1/2-1/2

[Event "*** Titled Tuesday Blitz"]
[Site "Chess.com"]
[Date "2020.05.26"]
[Round "3"]
[White "Chessy222222"]
[Black "GMJustin"]
[Result "0-1"]
[WhiteElo "2102"]
[BlackElo "2308"]
[TimeControl "180+1"]
[EndTime "10:28:26 PDT"]
[Termination "GMJustin won by resignation"]

1. e4 c5 2. Nf3 d6 3. d4 cxd4 4. Qxd4 e5 5. Bb5+ Nd7 6. Qd3 a6 7. Bxd7+ Bxd7 8. c4 b5 9. Nc3 bxc4 10. Qxc4 Be6 11. Qd3 h6 12. Be3 Nf6 13. O-O Be7 14. h3 O-O 15. Rfd1 Qb8 16. b3 Rd8 17. Rd2 d5 18.
Nxd5 Bxd5 19. exd5 e4 20. Qe2 exf3 21. Qxf3 Qe5 22.
Rad1 Bd6 23. g3 Qe4 24. Qe2 Rac8 25. Rd4 Qf5 26. Rc4 Rxc4 27. bxc4 Qxh3 28. c5 Bxg3 29. fxg3 Qxg3+ 30. Kf1 Rxd5 31. Rxd5 Nxd5 32. Bf2 Qh3+ 33.
Kg1 Nf4 34. Qe8+ Kh7 35. Qe4+ Ng6 36. Bd4 f5 37. Qe3 Qxe3+ 38. Bxe3 Ne5 39. Bf4 Nc6 40. Kf2 g5 41. Bd6 f4 42. Kf3 Kg6 43. Ke4 Kf6 44. Kd5 Nb4+ 45. Kc4 Nxa2 46. c6 Ke6 47. c7 Kd7 48.
Ba3 f3 49. Kd3 g4 50. Ke3 Kxc7 51. Kf2 h5 52. Kg3 a5 53. Kh4 Nb4 54. Kg3 Nc2 55. Bb2 a4 0-1

[Event "*** Titled Tuesday Blitz"]
[Site "Chess.com"]
[Date "2020.05.26"]
[Round "3"]
[White "mbachez"]
[Black "abhidabhi"]
[Result "1-0"]
[WhiteElo "2531"]
[BlackElo "2727"]
[TimeControl "180+1"]
[EndTime "10:28:27 PDT"]
[Termination "mbachez won on time"]

1. e4 e5 2. Nf3 Nc6 3. Bb5 a6 4. Ba4 Nf6 5. d3 b5 6. Bb3 Be7 7. c3 Bb7 8. h3 O-O 9. O-O d5 10.
Qe2 dxe4 11. dxe4 h6 12. Rd1 Qe8 13. Nbd2 Nd7 14. Bd5 Nb6 15. Bxc6 Qxc6 16. Nxe5 Qe6 17. Ndf3 Bd6 18. Bf4 f5 19. Nd4 Qe8 20. exf5 Nd5 21.
Bg3 c5 22. Ndf3 Rxf5 23. Re1 Nf4 24. Bxf4 Rxf4 25. Qd2 Bxe5 26. Nxe5 Rf5 27. Ng4 Qg6 28. Re7 Bc6 29. f3 Rd5 30. Qe2 Bd7 31. Ne5 Qf5 32.
g4 Qf4 33. Nxd7 Rd8 34. Qe6+ Kh7 35. Qxd5 Qg3+ 36. Kf1 Qxh3+ 37. Ke2 Qh2+ 38. Ke3 Qh4 39. Qf5+ Kh8 40. Qf7 Qg5+ 41. f4 Qxg4 42. Qxg7+ Qxg7 43. Rxg7 Kxg7 44. Rg1+ Kf7 45. Ne5+ Kf8 46. Rh1 1-0

[Event "*** Titled Tuesday Blitz"]
[Site "Chess.com"]
[Date "2020.05.26"]
[Round "3"]
[White "chess94cu"]
[Black "leclash"]
[Result "1-0"]
[WhiteElo "2466"]
[BlackElo "2236"]
[TimeControl "180+1"]
[EndTime "10:28:27 PDT"]
[Termination "chess94cu won by resignation"]

1. d4 d5 2. c4 e6 3. Nf3 c6 4. e3 Nf6 5. Nbd2 Nbd7 6. b3 Bd6 7.
Bb2 O-O 8. Be2 Re8 9. O-O e5 10. dxe5 Nxe5 11. cxd5 Nxd5 12. Nxe5 Bxe5 13. Bxe5 Rxe5 14.
Nc4 Re8 15. Bf3 Be6 16. Qd4 Qf6 17. Rfd1 Nc3 18. Qxf6 gxf6 19. Rd3 Nd5 20. Rad1 Kf8 21. Nd6 Re7 22. e4 Nf4 23. R3d2 Rd8 24. g3 Ng6 25.
Be2 Red7 26. Nc4 Rxd2 27. Rxd2 Rxd2 28. Nxd2 f5 29. f4 fxe4 30. Nxe4 Ke7 31. Kf2 b6 32.
Ke3 f6 33. h4 Bd5 34. h5 Nf8 35. Nc3 Bg2 36. h6 f5 37. g4 fxg4 38. Bxg4 Kf6 39.
Ne4+ Bxe4 40. Kxe4 Kg6 41. Ke5 Kxh6 42. Kf6 c5 43.
Kf7 Ng6 44. Kf6 Nxf4 45. Bf3 Nd3 46. a3 a5 47. Be4 Nc1 48. Bd5 Kh5 49. Kf5 Ne2 50.
Bf3+ Kh6 51. Bxe2 Kg7 52. Ke5 1-0

[Event "*** Titled Tuesday Blitz"]
[Site "Chess.com"]
[Date "2020.05.26"]
[Round "3"]
[White "HanSchut"]
[Black "konradrutkowski"]
[Result "1-0"]
[WhiteElo "2155"]
[BlackElo "2302"]
[TimeControl "180+1"]
[EndTime "10:28:27 PDT"]
[Termination "HanSchut won by resignation"]

1. e4 e5 2. Nf3 Nc6 3. Bc4 Nf6 4. d4 exd4 5. e5 d5 6. Bb5 Ne4 7. Nxd4 Bd7 8. Bxc6 bxc6 9. O-O Bc5 10. f3 Ng5 11. Be3 Bb6 12. f4 Ne4 13. Nd2 c5 14. N4f3 Nxd2 15. Qxd2 Bf5 16. c3 c4 17. Nd4 Be4 18.
f5 c5 19. Nb5 O-O 20. Nd6 Bd3 21. f6 Bxf1 22. Rxf1 gxf6 23. Rxf6 Re8 24. Nxf7 Qd7 25. Qf2 Re6 26. Qf5 Rxf6 27. Qxd7 Rxf7 28. Qxd5 Rf8 29.
h4 Kg7 30. Bg5 Rf1+ 31. Kh2 Bc7 32. g3 R1f7 33. Bf6+ Rxf6 34. exf6+ Rxf6 35. Qg5+ Kf7 36. Qd5+ Kg7 37. Qd7+ Rf7 38. Qg4+ Kf8 39. Qxc4 Bb6 40. Kh3 h5 41. Qd5 Rf2 42. Qxh5 Rxb2 43. Qf5+ Ke7 44. h5 Rxa2 45. Qe5+ Kf8 46. Qf6+ Ke8 47. Qe6+ Kf8 48. Qxa2 1-0

[Event "*** Titled Tuesday Blitz"]
[Site "Chess.com"]
[Date "2020.05.26"]
[Round "3"]
[White "Vlad_Lukiianchuk"]
[Black "Blitzking642"]
[Result "1-0"]
[WhiteElo "2525"]
[BlackElo "2321"]
[TimeControl "180+1"]
[EndTime "10:28:28 PDT"]
[Termination "Vlad_Lukiianchuk won by checkmate"]

1. d4 Nf6 2. c4 g6 3. Nc3 d5 4.
cxd5 Nxd5 5. Nf3 Bg7 6. g3 Nxc3 7. bxc3 c5 8. Bg2 O-O 9. O-O cxd4 10. cxd4 Nc6 11.
e3 e5 12. Bb2 exd4 13. Nxd4 Nxd4 14. Bxd4 Bxd4 15. exd4 Qd6 16. Qd2 Rd8 17. d5 Bf5 18. h3 Rac8 19. Rac1 Rc5 20. Rxc5 Qxc5 21. Rc1 Qd6 22.
Qd4 b6 23. Qe3 Bd7 24. h4 Re8 25. Qd4 h5 26. Bf3 Rc8 27. Re1 Re8 28. Rd1 Rc8 29. Kg2 Re8 30. Rd3 Rc8 31. Re3 Re8 32. Be4 Rc8 33.
Rf3 Re8 34. Rf4 Re5 35. Bf3 Rf5 36. Re4 Rxd5 37. Qe3 Rf5 38. Rd4 Qe6 39. Qd3 Bc6 40.
Rd8+ Kh7 41. Bxc6 Qxc6+ 42. f3 Rc5 43. Qd4 Rc2+ 44. Kh3 Qe6+ 45. g4 hxg4+ 46. fxg4 f6 47. Rd7+ Kh6 48. Qf4+ g5 49. hxg5+ fxg5 50. Qf8+ Kg6 51.
Qg7# 1-0

[Event "*** Titled Tuesday Blitz"]
[Site "Chess.com"]
[Date "2020.05.26"]
[Round "3"]
[White "Gentle_Emperor"]
[Black "FMOlexandrProhorov"]
[Result "1-0"]
[WhiteElo "2303"]
[BlackElo "2072"]
[TimeControl "180+1"]
[EndTime "10:28:29 PDT"]
[Termination "Gentle_Emperor won by resignation"]

1. d4 g6 2. e4 Bg7 3. Nc3 c6 4. Bf4 d5 5. e5 f6 6. Nf3 Bg4 7. Qd2 Bxf3 8. gxf3 fxe5 9. dxe5 e6 10. O-O-O Nd7 11. h4 h6 12. Bd3 Ne7 13. Rhg1 Nf8 14.
Ne2 Qc7 15. Qe3 c5 16. Bb5+ Nd7 17. Bh2 O-O-O 18. Nf4 Nf8 19. Nd3 Qa5 20. Qxc5+ Nc6 21. a4 Nd7 22. Qa3 Bf8 23. Qc3 Qc7 24. Rxg6 Re8 25. Nf4 Bb4 26. Qb3 Nf8 27. Bxc6 Qxc6 28. Qxb4 Nxg6 29. Nxg6 Rh7 30. Rd3 Rc7 31. Rc3 Qa6 32.
Rxc7+ Kxc7 33. Qd6+ Qxd6 34. exd6+ Kc6 35. h5 Rg8 36.
Be5 b5 37. Bf4 Rg7 38. Bxh6 Rf7 39. Be3 Kxd6 40. h6 Rh7 41. axb5 e5 42. Nh4 d4 43. Bd2 Ke6 44. f4 e4 45. f5+ Ke5 46. Bg5 Rc7 47. Kd2 Rd7 48. f6 Ke6 49. Ng6 Kf7 50. Ne5+ Ke6 51.
Nxd7 Kf5 52. h7 1-0

[Event "*** Titled Tuesday Blitz"]
[Site "Chess.com"]
[Date "2020.05.26"]
[Round "3"]
[White "SantoBlue"]
[Black "grzechu96"]
[Result "0-1"]
[WhiteElo "2788"]
[BlackElo "2621"]
[TimeControl "180+1"]
[EndTime "10:28:30 PDT"]
[Termination "grzechu96 won by resignation"]

1. e4 e5 2. Nf3 Nc6 3. Bb5 a6 4. Ba4 Nf6 5. O-O b5 6. Bb3 Bc5 7. Nc3 d6 8. Nd5 h6 9. c3 Ba7 10. Nxf6+ Qxf6 11. Bd5 Bb7 12. a4 Nd8 13. Bxb7 Nxb7 14.
Qe2 c6 15. d4 O-O 16. Be3 exd4 17. cxd4 Rfe8 18. Qc2 c5 19. axb5 axb5 20. d5 Bb6 21. Nd2 Qe7 22. h3 Qd7 23. Rae1 Bd8 24. f4 Bf6 25. Nf3 Na5 26. Bc1 Nc4 27. b3 Nb6 28.
e5 dxe5 29. fxe5 Be7 30. d6 Bf8 31. Nh4 Qe6 32. Nf5 Nd7 33. Bf4 Ra6 34. Re3 Rea8 35. Rg3 Kh8 36. Qe4 Ra2 37. Kh2 Ra1 38. Rxa1 Rxa1 39.
Bxh6 gxh6 40. Qg4 Qg6 41. Qxg6 fxg6 42. Rxg6 Nxe5 43. Re6 Nf7 44. d7 Ra8 45. Re8 Rd8 46. Nxh6 Rxd7 47. Rxf8+ Kg7 48. Rxf7+ Rxf7 49. Nxf7 Kxf7 50.
Kg3 c4 0-1

[Event "*** Titled Tuesday Blitz"]
[Site "Chess.com"]
[Date "2020.05.26"]
[Round "3"]
[White "Roaccutane"]
[Black "PlayChessSimple"]
[Result "1-0"]
[WhiteElo "2728"]
[BlackElo "2494"]
[TimeControl "180+1"]
[EndTime "10:28:30 PDT"]
[Termination "Roaccutane won on time"]

1. d4 e6 2. e4 d5 3. Nc3 Nf6 4. Bg5 Bb4 5. e5 h6 6. exf6 hxg5 7. fxg7 Rg8 8. h4 gxh4 9. Qg4 Qf6 10. Nf3 Qxg7 11.
Qxg7 Rxg7 12. Rxh4 Nd7 13. Rh8+ Nf8 14. Kd2 Bd7 15.
a3 Bd6 16. g3 O-O-O 17. Bd3 Ng6 18. Rxd8+ Kxd8 19. Ne2 c5 20. Rh1 cxd4 21. Nfxd4 a6 22. Rh6 Ne7 23. b4 Kc7 24. c4 dxc4 25. Bxc4 e5 26.
Nc2 b5 27. Bb3 f5 28. Nc3 Bc6 29. Ne3 f4 30. gxf4 exf4 31. Ned5+ Nxd5 32. Bxd5 Bd7 33. Ne4 Be7 34. Rxa6 Rg2 35. Ke2 Bg4+ 36. Kf1 Bh3 37.
Ke1 Rg1+ 38. Kd2 Bg4 39. Ra7+ Kd8 40. Bc6 Rd1+ 41. Kc3 Rc1+ 42. Kd4 Rxc6 43. Ke5 Rc4 44. Kxf4 Bd7 45. f3 Bc6 46. Ke5 Bxe4 47. fxe4 Rc7 48. Ra8+ Rc8 49. Ra5 Rb8 50. Kd5 Kd7 51. Ra7+ Ke8 52. e5 1-0

[Event "*** Titled Tuesday Blitz"]
[Site "Chess.com"]
[Date "2020.05.26"]
[Round "3"]
[White "Schachmalanders"]
[Black "BlackWidow515"]
[Result "1-0"]
[WhiteElo "2314"]
[BlackElo "2121"]
[TimeControl "180+1"]
[EndTime "10:28:30 PDT"]
[Termination "Schachmalanders won by resignation"]

1. e4 e5 2. Nf3 Nc6 3. Bb5 a6 4. Ba4 Nf6 5. d3 b5 6. Bb3 Be7 7. c3 d6 8. h3 Na5 9. Bc2 c5 10.
O-O Qc7 11. a4 Rb8 12. axb5 axb5 13. Re1 O-O 14. Nbd2 Nc6 15. Nf1 b4 16. Ng3 bxc3 17. bxc3 g6 18. Bg5 Ne8 19. Qd2 Bxg5 20. Qxg5 f6 21. Qh6 Qg7 22. Qd2 Nc7 23. Reb1 Be6 24. d4 Bc4 25. dxc5 dxc5 26. Qd6 Rxb1+ 27. Rxb1 Nb8 28. Qxc5 Be6 29. Rb7 Nba6 30. Qc6 Bd7 31. Qd6 Bc8 32. Rb6 Kh8 33. Bd3 Ne8 34. Qd8 Nac7 35.
Qxc8 Nd6 36. Qg4 Rd8 37. Bf1 h5 38. Qh4 Nde8 39. Rb7 Qe7 40. Nh2 Qe6 41. Nxh5 gxh5 42. Qxh5+ Kg8 43. Ng4 Qf7 44. Nh6+ Kh7 45. Nxf7+ Kg7 46.
Nxd8 1-0

[Event "*** Titled Tuesday Blitz"]
[Site "Chess.com"]
[Date "2020.05.26"]
[Round "3"]
[White "dosto07"]
[Black "EndGameDestroyer"]
[Result "1-0"]
[WhiteElo "2127"]
[BlackElo "2287"]
[TimeControl "180+1"]
[EndTime "10:28:31 PDT"]
[Termination "dosto07 won by resignation"]

1. e4 Nc6 2. Nf3 e5 3. Bb5 Nf6 4. d3 a6 5. Bxc6 dxc6 6. O-O Bd6 7. Nbd2 b5 8. a4 Bb7 9. d4 Nd7 10. dxe5 Nxe5 11. Nxe5 Bxe5 12. Nf3 Qxd1 13. Rxd1 Bd6 14.
Nd4 O-O 15. Nf5 Be5 16. c3 Rad8 17. Be3 g6 18. Nh6+ Kg7 19. Ng4 Bd6 20. Bh6+ Kg8 21. Bxf8 Rxf8 22. e5 Bc5 23. Rd7 Kg7 24. Rxc7 Bc8 25.
Nf6 Rd8 26. Rxc6 Ba7 27. axb5 axb5 28. Rxc8 Rxc8 29. Rxa7 b4 30. h3 bxc3 31. bxc3 Rxc3 32. Ng4 h5 33. Ne3 Rc5 34. e6 Kf8 35. Rxf7+ Ke8 36. g4 Re5 37. gxh5 gxh5 38. Rf6 Ke7 39. Rh6 Rg5+ 40.
Kh2 Ra5 41. h4 Re5 42. Kg3 Ra5 43. Kf4 Ra4+ 44. Kg5 Ra5+ 45. Nf5+ Kd8 46. Rh7 Re5 47. Kf6 Re1 48. e7+ Kd7 49. Rh8 Re6+ 50. Kf7 Rxe7+ 51. Nxe7 1-0

[Event "*** Titled Tuesday Blitz"]
[Site "Chess.com"]
[Date "2020.05.26"]
[Round "3"]
[White "LiemLe"]
[Black "RobertoJBM"]
[Result "1-0"]
[WhiteElo "2939"]
[BlackElo "2579"]
[TimeControl "180+1"]
[EndTime "10:28:32 PDT"]
[Termination "LiemLe won on time"]

1. Nf3 d5 2. e3 Nf6 3. c4 c6 4. b3 Bg4 5. Bb2 Nbd7 6. Be2 e6 7. O-O Bd6 8. d4 O-O 9. h3 Bh5 10. Ne5 Bxe2 11. Qxe2 Qe7 12. Rd1 Rac8 13. Nd2 Ba3 14. Ndf3 Bxb2 15. Qxb2 Nxe5 16. Nxe5 Nd7 17. Nd3 Rfd8 18.
Rac1 Qd6 19. b4 dxc4 20. Rxc4 Rc7 21. Rdc1 Rdc8 22. R4c3 h6 23. Qa3 a6 24. Qa5 Qd5 25. Nf4 Qxa5 26. bxa5 Nf6 27. Nd3 Nd7 28. Rb3 Kf8 29.
Kf1 Ke7 30. Rcb1 c5 31. Rxb7 cxd4 32. exd4 Kf6 33. Ke2 g5 34. Ke3 Kg7 35. Rxc7 Rxc7 36. Nc5 Nf6 37. Kd3 Nd5 38. g3 Rc6 39. Rb7 Kg6 40.
a3 f6 41. Kc4 h5 42. Rb8 h4 43.
gxh4 gxh4 44. Ra8 Nc7 45. Rc8 Kf5 46. Kd3 e5 47. Nb3 Ke6 48. a4 Kd7 49. Rh8 Nd5 50. Nc5+ Ke7 51. Rh7+ Ke8 52. Rxh4 Nf4+ 53. Ke4 exd4 54. Kxd4 Ne2+ 55. Kd5 1-0

[Event "*** Titled Tuesday Blitz"]
[Site "Chess.com"]
[Date "2020.05.26"]
[Round "3"]
[White "DrBergerBerger"]
[Black "Korchmar_Vasiliy"]
[Result "0-1"]
[WhiteElo "2367"]
[BlackElo "2574"]
[TimeControl "180+1"]
[EndTime "10:28:32 PDT"]
[Termination "Korchmar_Vasiliy won on time"]

1. e4 c5 2. Nc3 d6 3. d4 cxd4 4. Qxd4 Nc6 5. Qd2 g6 6. b3 Bh6 7. f4 Nf6 8. Bb2 O-O 9. O-O-O a5 10.
a4 Nb4 11. Nge2 Qb6 12. h3 Be6 13. g4 Bg7 14. Nd4 Rac8 15. Kb1 Rxc3 16. Qxc3 Nxe4 17. Qe3 Bd5 18. Bg2 Nc3+ 19. Qxc3 Bxg2 20. Rh2 Be4 21. Re2 d5 22. f5 Bf6 23. g5 Bxg5 24. fxg6 hxg6 25. Nf5 Bf6 26. Nxe7+ Kg7 27. Qxf6+ Qxf6 28.
Bxf6+ Kxf6 29. Rxe4 dxe4 30. Nd5+ Nxd5 31. Rxd5 Re8 32.
Kc1 Re5 33. Rd7 b6 34. Kd2 Ke6 35. Rb7 f5 36. Rxb6+ Kf7 37. Rb7+ Kf6 38. h4 f4 39. c4 Rh5 40. Rb6+ Kf7 41. Rb7+ Kf6 42. Rb6+ Kg7 43.
Re6 e3+ 44. Ke2 Rxh4 45. c5 g5 46. c6 Rh2+ 47. Kf3 Rc2 48. Kg4 e2 49. Kxg5 f3 0-1

[Event "*** Titled Tuesday Blitz"]
[Site "Chess.com"]
[Date "2020.05.26"]
[Round "3"]
[White "Azoulas1"]
[Black "eightbyeightchess"]
[Result "1-0"]
[WhiteElo "1990"]
[BlackElo "2447"]
[TimeControl "180+1"]
[EndTime "10:28:32 PDT"]
[Termination "Azoulas1 won on time"]

1. e4 e6 2. d4 d5 3. Nc3 Nf6 4. e5 Nfd7 5. f4 c5 6. Nf3 Nc6 7. Be3 cxd4 8. Nxd4 Bc5 9. Qd2 a6 10. Be2 Bxd4 11. Bxd4 b5 12. O-O O-O 13. Nd1 Nxd4 14.
Qxd4 Qc7 15. Ne3 f6 16. Ng4 Qxc2 17. Bd3 Qc5 18. Qxc5 Nxc5 19. Be2 fxe5 20. Nxe5 Bb7 21. Rac1 Rac8 22. Bg4 Rfe8 23. Rc3 Na4 24. Rxc8 Bxc8 25.
Rc1 Kf8 26. b3 Nb6 27. Rc6 Nd7 28. Rxe6 Nxe5 29. Rxe8+ Kxe8 30. Bxc8 Nc6 31. Bxa6 Nd4 32.
Kf2 b4 33. Bd3 g6 34. Ke3 Ne6 35. Bb5+ Ke7 36. Be2 Kd6 37. g3 Kc5 38. Bf3 Nd4 39. Bd1 Nf5+ 40. Kd3 Nd6 41. Bg4 Nb5 42. Kc2 Nd4+ 43.
Kd3 Nb5 44. Kc2 Kd4 45. Be2 Nc3 46. Bg4 Nxa2 47. f5 gxf5 48. Bxf5 h6 49. h4 Nc3 50. g4 Nb5 51. g5 Ke5 52. gxh6 Nd4+ 53. Kd3 1-0